 Dungeon Crawl Stone Soup version 0.21.0-26-g889b8f6 (webtiles) character file.

926 Moloch the Conjurer (level 8, -10/46 HPs)
             Began as an Octopode Wizard on Jan 27, 2018.
             Mangled by Menkaure (21 damage)
             ... on level 5 of the Dungeon.
             The game lasted 00:12:31 (4858 turns).

Moloch the Conjurer (Octopode Wizard)               Turns: 4858, Time: 00:12:32

Health: -10/46     AC:  3    Str:  6    XL:     8   Next: 10%
Magic:  2/16       EV: 13    Int: 23    God:
Gold:   241        SH:  0    Dex: 10    Spells: 7/18 levels left

rFire    . . .     SeeInvis .   a - +2 scythe (venom)
rCold    . . .     Gourm    .   (shield currently unavailable)
rNeg     . . .     Faith    .   v - +2 hat
rPois    +         Spirit   .   (no amulet)
rElec    .         Reflect  .   n - ring of poison resistance
rCorr    .         Harm     .   (no ring)
MR       .....                  (no ring)
Stlth    +++.......             (no ring)
HPRegen  0.15/turn              (no ring)
MPRegen  0.15/turn              (no ring)
                                (no ring)
                                (no ring)

@: no status effects
A: almost no armour, stealthy swim, amphibious, 8 rings, constrict 8, camouflage
1, gelatinous body 1
a: no special abilities


You were on level 5 of the Dungeon.
You were not hungry.

You visited 1 branch of the dungeon, and saw 5 of its levels.

You collected 241 gold pieces.

Inventory:

Hand Weapons
 a - a +2 scythe of venom (weapon)
Armour
 v - a +2 hat (worn)
Jewellery
 n - a ring of poison resistance (left tentacle)
Wands
 m - a wand of acid (9)
Scrolls
 g - a scroll of amnesia
 i - 2 scrolls of magic mapping
 k - 2 scrolls of remove curse
 l - 6 scrolls of identify {unknown}
 t - a scroll of teleportation {unknown}
Potions
 d - a potion of berserk rage {unknown}
 e - 2 potions of might {unknown}
 f - a potion of mutation {unknown}
 h - a potion of lignification {unknown}
 j - a potion of heal wounds
 o - a potion of cancellation {unknown}
 p - a potion of brilliance {unknown}
 s - a potion of haste {unknown}
 u - 2 potions of curing {unknown}
Books
 b - a book of Minor Magic

   Spells                             Type                      Level
   a - Magic Dart                     Conjuration                  1
   b - Blink                          Translocation                2
   c - Call Imp                       Summoning                    2
   d - Slow                           Hexes                        2
   e - Conjure Flame                  Conjuration/Fire             3
   f - Mephitic Cloud                 Conjuration/Poison/Air       3
 q - a book of Changes

   Spells                             Type                      Level
   a - Beastly Appendage              Transmutation                1
   b - Sticks to Snakes               Transmutation                2
   c - Spider Form                    Transmutation/Poison         3
   d - Ice Form                       Ice/Transmutation            4
   e - Blade Hands                    Transmutation                5
Comestibles
 c - 10 rations


   Skills:
 - Level 2.0 Dodging
 - Level 2.6 Stealth
 + Level 5.9 Spellcasting
 * Level 7.1 Conjurations
 - Level 1.0 Summonings
 - Level 1.0 Translocations


You had 7 spell levels left.
You knew the following spells:

 Your Spells              Type           Power        Failure   Level  Hunger
a - Magic Dart            Conj           ####         1%          1    None
b - Blink                 Tloc           N/A          9%          2    None
c - Call Imp              Summ           ##......     9%          2    None
d - Mephitic Cloud        Conj/Pois/Air  ###.....     10%         3    #......
e - Conjure Flame         Conj/Fire      ###.....     6%          3    #......


Dungeon Overview and Level Annotations

Branches:
Dungeon (5/15)
 Temple: D:4-7

Altars:
Dithmenos
Sif Muna
Yredelemnul

Annotations:
D:3 Natasha
D:4 Grinder
D:5 Menkaure


Innate Abilities, Weirdness & Mutations

You cannot wear most types of armour.
You are very stealthy in the water. (Stealth+)
You are amphibious.
You can wear up to eight rings at the same time.
You can use your tentacles to constrict eight enemies at once.
Your skin changes colour to match your surroundings (Stealth+).
Your rubbery body absorbs attacks. (AC +1, EV +1)


Message History

Your crimson imp blinks!
The frilled lizard hisses angrily.
Unknown command.
Menkaure blazes with dark energy!
Menkaure calls on the powers of darkness!
Your body is wracked with pain!
Your crimson imp hits Menkaure.
Found a mace.
Unknown command.
Attack whom?
Press: ? - help, Dir - move target cursor, f/p - Menkaure
Aim: Menkaure (lightly damaged, fast)
You could not reach far enough!
Your white imp disappears in a puff of smoke!
Your crimson imp blinks!
Menkaure hits you!
* * * LOW HITPOINT WARNING * * *
Your crimson imp hits Menkaure but does no damage.
Your white imp gestures at Menkaure.
The puff of frost hits Menkaure.
Menkaure resists.
Menkaure hits you!!
You die...

......#########.....#
...####.......###..## ..
.###.....[.........# ...
.#.......[.........#....
.#...............###....
##..###.......####.l...)
#.....#########.........
#.............5.55.....#
#...............@M...##
#####...........######
....#############
......# #.# ......# #.#
......# #.# ......# #.#
......# #.# ......# #<#


You could see Menkaure, a frilled lizard, 2 friendly crimson imps and a friendly
white imp.

Vanquished Creatures
  Sigmund (D:3)
  Eustachio (D:4)
  Edmund (D:5)
  An ice beast (D:5)
  2 scorpions (D:4)
  A crimson imp (D:5)
  An orc priest (D:4)
  A centaur skeleton (D:4)
  Natasha (D:3)
  7 adders
  A howler monkey skeleton (D:4)
  3 oozes
  An adder skeleton (D:4)
  An adder zombie (D:5)
  A worm (D:2)
  A dart slug (D:1)
  A leopard gecko (D:5)
  4 orcs
  A ball python (D:1)
  4 giant cockroaches
  5 goblins
  5 hobgoblins
  3 quokkas
  7 bats
  4 frilled lizards
  8 kobolds
  2 leopard gecko skeletons (D:4)
  11 rats
80 creatures vanquished.

Vanquished Creatures (collateral kills)
  The ghost of resurtm the Magician, an amateur DEAE (D:3)
1 creature vanquished.

Vanquished Creatures (others)
  A frilled lizard (D:3)
1 creature vanquished.

Grand Total: 82 creatures vanquished

Notes
Turn   | Place    | Note
-------+----------+-------------------------------------------
     0 | D:1      | Moloch the Octopode Wizard began the quest for the Orb.
     0 | D:1      | Reached XP level 1. HP: 11/11 MP: 4/4
    45 | D:1      | Reached XP level 2. HP: 17/17 MP: 1/6
    51 | D:1      | Learned a level 2 spell: Blink
    54 | D:1      | Learned a level 2 spell: Call Imp
   287 | D:1      | Reached skill level 2 in Conjurations
   401 | D:1      | Reached XP level 3. HP: 9/21 MP: 0/7
  1184 | D:2      | Reached skill level 3 in Conjurations
  1260 | D:2      | Reached XP level 4. HP: 27/27 MP: 7/9
  1279 | D:2      | Learned a level 3 spell: Mephitic Cloud
  1728 | D:3      | Noticed Sigmund
  1894 | D:3      | Noticed resurtm's ghost (amateur DEAE)
  2221 | D:3      | Noticed Natasha
  2288 | D:3      | Killed Natasha
  2288 | D:3      | Reached XP level 5. HP: 28/31 MP: 2/10
  2320 | D:3      | Learned a level 3 spell: Conjure Flame
  2639 | D:3      | Noticed Natasha
  2909 | D:4      | Reached skill level 4 in Conjurations
  2940 | D:4      | Noticed Eustachio
  3083 | D:3      | Killed resurtm's ghost
  3232 | D:3      | Found a shadowy altar of Dithmenos.
  3392 | D:3      | Killed Sigmund
  3392 | D:3      | Reached skill level 5 in Conjurations
  3392 | D:3      | Reached XP level 6. HP: 31/36 MP: 2/12
  3545 | D:4      | Reached XP level 7. HP: 35/41 MP: 4/14
  3586 | D:4      | Found a basalt altar of Yredelemnul.
  3797 | D:4      | Found a deep blue altar of Sif Muna.
  4097 | D:4      | Reached skill level 6 in Conjurations
  4103 | D:4      | Reached skill level 5 in Spellcasting
  4126 | D:4      | Killed Eustachio
  4240 | D:5      | Entered Level 5 of the Dungeon
  4248 | D:5      | Noticed Grinder
  4266 | D:4      | Paralysed by something for 2 turns
  4267 | D:4      | HP: 1/41 [something (6)]
  4609 | D:5      | Noticed Edmund
  4676 | D:5      | Killed Edmund
  4676 | D:5      | Reached skill level 7 in Conjurations
  4676 | D:5      | Reached XP level 8. HP: 39/46 MP: 13/16
  4829 | D:5      | Noticed Menkaure
  4858 | D:5      | Mangled by Menkaure

Skill      XL: |  1  2  3  4  5  6  7 |
---------------+----------------------+-----
Conjurations   | 2 3 5 7 |  7.1
Spellcasting   | 4 5 |  5.9
Dodging        | |  2.0
Stealth        | |  2.6
Summonings     | |  1.0
Translocations | |  1.0

Action                   |  1- 3 |  4- 6 |  7- 9 || total
-------------------------+-------+-------+-------++-------
Melee: Club              |     6 |       |       ||     6
       Unarmed           |     2 |       |       ||     2
       Constrict         |     7 |     5 |     3 ||    15
       Tentacles         |     2 |     1 |       ||     3
       Spear             |    17 |    23 |       ||    40
       Scythe            |       |       |    43 ||    43
 Cast: Magic Dart        |    58 |    98 |    37 ||   193
       Mephitic Cloud    |       |     4 |     4 ||     8
       Call Imp          |       |     5 |    12 ||    17
       Conjure Flame     |       |       |     5 ||     5
  Use: Potion            |       |     1 |     1 ||     2
       Scroll            |       |       |     5 ||     5
 Stab: Confused          |       |     1 |     1 ||     2
       Distracted        |       |     1 |       ||     1
  Eat: Chunk             |     1 |     6 |     2 ||     9
       Ration            |       |       |     1 ||     1
Armor: Skin              |     8 |       |     4 ||    12
Dodge: Dodged            |    31 |    17 |    11 ||    59
